 Dungeon Crawl Stone Soup version 0.28-a0-1486-g8196b01e9b (webtiles) character file.

Game seed: 18220289330056544397

9573 Aksej the Carver (level 11, -9/87 HPs)
             Began as a Demonspawn Monk on Jan 12, 2022.
             Was a High Priest of Wu Jian.
             Mangled by a komodo dragon (19 damage)
             ... on level 11 of the Dungeon.
             The game lasted 00:36:56 (13145 turns).

Aksej the Carver (Demonspawn Monk)                 Turns: 13145, Time: 00:36:57

Health: -9/87      AC: 18    Str:  9 (11) XL:     11   Next: 24%
Magic:  11/11      EV: 17    Int:  9 (11) God:    Wu Jian [*****.]
Gold:   690        SH:  0    Dex: 31      Spells: 9/10 levels left

rFire   + . .      SeeInvis .   a - +0 scimitar (flame)
rCold   + . .      Faith    .   (no shield)
rNeg    . . .      Spirit   .   i - +1 ring mail of Gesas {Rampage rC+ Will+}
rPois   .          Reflect  .   o - +2 helmet
rElec   .          Harm     .   (no cloak)
rCorr   .          Rampage  +   f - +2 pair of gloves
Will    +....                   c - +2 pair of boots
Stlth   +++.......              n - amulet of the acrobat
HPRegen 0.24/turn               u - +6 ring of dexterity
MPRegen 0.12/turn               r - +6 ring of dexterity

@: no status effects
A: icy blue scales 1, demonic guardian 3, weakness stinger 2, fire resistance 1,
weak 1
a: Renounce Religion, Wall Jump, Serpent's Lash, Heavenly Storm


You were on level 11 of the Dungeon.
You worshipped Wu Jian.
Wu Jian was extremely pleased with you.
You visited 2 branches of the dungeon, and saw 13 of its levels.
You also visited: Sewer and Bailey.

You collected 690 gold pieces.

Inventory:

Hand Weapons
 a - a +0 scimitar of flaming (weapon)
 b - the +8 storm bow {elec, penet}
   (You found it in a bailey)

   Any ammunition fired from it occasionally discharges a powerful burst of
   electricity upon striking a foe.
   Any ammunition fired by it passes through the targets it hits, potentially
   hitting all targets in its path until it reaches maximum range.
Missiles
 j - a throwing net
 q - 24 boomerangs (quivered)
 s - 6 boomerangs of dispersal
 v - 7 silver javelins
 y - 78 arrows
Armour
 c - a +2 pair of boots (worn)
 f - a +2 pair of gloves (worn)
 i - the +1 ring mail of Gesas (worn) {Rampage rC+ Will+}
   (You found it on level 3 of the Dungeon)

   rC:        It protects you from cold.
   Rampage:   It bestows one free step when moving towards enemies.
   Will:      It increases your willpower.
 o - a +2 helmet (worn)
Jewellery
 d - an amulet of faith
 g - a +6 ring of dexterity
 n - an amulet of the acrobat (around neck)
 r - a +6 ring of dexterity (right hand)
 u - a +6 ring of dexterity (left hand)
 z - a ring of resist corrosion
 A - a ring of positive energy
Wands
 m - a wand of iceblast (5)
 p - a wand of flame (58)
 B - a wand of paralysis (8)
 E - a wand of digging (2)
Scrolls
 e - 3 scrolls of teleportation
 l - a scroll of brand weapon
 t - 2 scrolls of magic mapping
 x - a scroll of silence
 C - a scroll of blinking
 I - a scroll of identify
Potions
 h - 5 potions of curing
 k - 2 potions of resistance
 w - a potion of invisibility
 F - a potion of lignification
 G - a potion of berserk rage
 H - 3 potions of flight


   Skills:
 * Level 8.7 Fighting
 * Level 10.6 Long Blades
 + Level 0.1 Bows
 + Level 5.3 Armour
 * Level 8.3 Dodging
 + Level 4.5 Stealth


You had 9 spell levels left.
You knew the following spells:

 Your Spells              Type           Power      Damage    Failure   Level
a - Sting                 Tmut/Pois      0%         1d3       71%         1

Your spell library contained the following spells:

 Spells                   Type           Power      Damage    Failure   Level
 Poisonous Vapours        Pois/Air       0%         N/A       83%         2
 Dazzling Flash           Conj/Hex       0%         N/A       97%         3
 Iskenderun's Mystic Bla  Conj/Tloc      0%         2d3       100%        4
 Olgreb's Toxic Radiance  Pois           0%         N/A       100%        4
 Starburst                Conj/Fire      0%         6d3       100%        6


Dungeon Overview and Level Annotations

Branches:
Dungeon (12/15)            Temple (1/1) D:6            Lair (0/6) D:10
  Sewer (visited)          Bailey (visited)
    Orc: D:9-12

Altars:
Ashenzari
Cheibriados
Dithmenos
Elyvilon
Fedhas
Gozag
Hepliaklqana
Kikubaaqudgha
Makhleb
Nemelex Xobeh
Okawaru
Qazlal
Ru
Sif Muna
Trog
Uskayaw
Vehumet
Wu Jian
Xom
Yredelemnul
Zin
The Shining One

Shops:
D:9 =


Innate Abilities, Weirdness & Mutations

You are partially covered in icy blue scales. (AC +2)
A powerful demonic guardian rushes to your aid.
You have a tail ending in a sharp stinger.
Your flesh is heat resistant. (rF+)
You are weak. (Str -2)


Message History

The efreet is lightly wounded.
You feel yourself speed up. The efreet barely misses you.
You spin and attack the efreet repeatedly.
You hit the efreet but do no damage.
The efreet is lightly wounded.
You hit the efreet but do no damage.
Your tail-slap misses the efreet.
The efreet is lightly wounded.
The efreet closely misses you.
Okay, then.
A yak comes into view.
You rampage towards the yak!
The komodo dragon hisses angrily.
The efreet gestures at you. The bolt of fire misses you.
Unknown command.
The komodo dragon is engulfed in blazing flames.
The komodo dragon misses you.
There is a stone staircase leading up here.
The efreet hits you with a +1 scimitar of flaming.
* * * LOW HITPOINT WARNING * * *
A demonic guardian appears!
The efreet burns you.
* * * LOW HITPOINT WARNING * * *
The komodo dragon bites you!
* * * LOW HITPOINT WARNING * * *
The yak misses you.
You climb upwards.
Your summoned ally is left behind.
There is a stone staircase leading down here.
Unknown command.
You spin and attack the komodo dragon.
You hit the komodo dragon. You burn the komodo dragon.
You tail-slap the komodo dragon, but do no damage.
The komodo dragon is severely wounded.
The komodo dragon closely misses you.
You spin and attack the komodo dragon.
You slash the komodo dragon! You burn the komodo dragon.
The komodo dragon is almost dead.
The efreet gestures at you. The bolt of fire misses you.
The komodo dragon bites you!!
You die...

#!.##+#.##
##.##.#.#####
#..#.#.....#
##.#.#####.#
#...# #.#
##..# #.#
#..#####'####
#..#........#
#.@#........#
#l.#...)....#
##R#######'##
#○# #.# #.#
#.# #.# #.#
#.# #.# #.#
#.# #.# #.#


You could see a komodo dragon and an efreet.

Vanquished Creatures
  A two-headed ogre (D:9)
  Erica (D:8)
  A cyclops (D:11)
  An unseen horror (D:11)
  2 shadows
  A vampire (D:11)
  A wraith (D:12)
  3 yaks (D:10)
  2 steam dragons
  2 vampire mosquitoes (D:11)
  2 water moccasins
  3 wargs (D:10)
  A hornet zombie (D:8)
  2 orc warriors
  A necrophage (D:8)
  3 ice beasts
  2 centaurs
  A phantom (D:4)
  5 kobold brigands
  2 bullfrogs
  A gnoll sergeant (D:9)
  A wight (D:10)
  2 howler monkeys (D:10)
  4 centaur zombies
  4 quasits (D:7)
  A bullfrog zombie (D:7)
  2 bullfrog skeletons
  A jelly (D:7)
  An orc priest (D:10)
  2 hounds
  2 iguanas
  2 centaur skeletons
  6 orc wizards
  Terence (D:2)
  2 howler monkey zombies
  7 gnolls
  4 adders
  A river rat (Sewer)
  2 shadow imps (D:6)
  A white imp (D:8)
  3 worms
  A dart slug (D:3)
  14 orcs
  7 endoplasms
  4 giant cockroaches
  15 goblins
  8 hobgoblins
  4 jackals (D:2)
  4 quokkas
  5 ball pythons
  3 bats
  A frilled lizard (D:1)
  24 kobolds
  16 rats
  A spectral orc (D:7)
194 creatures vanquished.

Vanquished Creatures (collateral kills)
  The ghost of Majang the Chiller, a novice TeIE of Vehumet (D:7)
  A cyclops (D:11)
  A troll (D:9)
  2 vampires
  A steam dragon (D:10)
  2 vampire mosquitoes (D:11)
  Menkaure (D:4)
  Duvessa (D:6)
  2 orc warriors (Bailey)
  4 ogres
  2 kobold brigands (Bailey)
  A gnoll sergeant (D:8)
  Dowan (D:6)
  A howler monkey (D:8)
  A centaur zombie (D:6)
  2 jellies
  A hound (D:4)
  An orc priest (D:8)
  A hell rat (Sewer)
  Robin (D:4)
  6 gnolls
  3 adders
  3 river rats
  A white imp (D:3)
  A dart slug (D:1)
  6 orcs
  A giant cockroach (D:4)
  3 goblins (D:4)
  A kobold (D:1)
  A rat (Sewer)
54 creatures vanquished.

Vanquished Creatures (others)
  3 plants
3 creatures vanquished.

Grand Total: 251 creatures vanquished

Notes
Turn   | Place    | Note
-------+----------+-------------------------------------------
     0 | D:1      | Aksej the Demonspawn Monk began the quest for the Orb.
     0 | D:1      | Reached XP level 1. HP: 18/18 MP: 1/1
   237 | D:1      | Gained mutation: A weak demonic guardian rushes to your
                  | aid. [demonic ancestry]
   237 | D:1      | Reached XP level 2. HP: 24/24 MP: 2/2
   304 | D:1      | Reached skill level 3 in Long Blades
   824 | D:2      | Reached XP level 3. HP: 16/29 MP: 3/3
  1002 | D:2      | Found an ornate altar of the Wu Jian Council.
  1010 | D:2      | Became a worshipper of the Wu Jian Council
  1010 | D:2      | Reached * piety under Wu Jian
  1010 | D:2      | Reached ** piety under Wu Jian
  1264 | D:2      | Found a faded altar of an unknown god.
  1779 | D:3      | Noticed Terence
  1911 | D:3      | Reached XP level 4. HP: 25/35 MP: 4/4
  2029 | D:3      | Noticed a centaur
  2035 | D:3      | Killed a centaur
  2036 | D:3      | Gained mutation: A demonic guardian rushes to your aid.
                  | [demonic ancestry]
  2036 | D:3      | Reached XP level 5. HP: 25/42 MP: 5/5
  2042 | D:3      | Identified the +1 ring mail of Gesas {Rampage rC+ Will+}
  2197 | D:3      | Found an ornate altar of the Wu Jian Council.
  2360 | D:3      | Found a stormy altar of Qazlal.
  2386 | D:2      | Killed Terence
  2387 | D:2      | Reached skill level 4 in Long Blades
  2993 | D:4      | Reached *** piety under Wu Jian
  2997 | D:4      | Noticed a phantom
  3013 | D:4      | Killed a phantom
  3014 | D:4      | Reached skill level 1 in Armour
  3014 | D:4      | Gained mutation: You are partially covered in icy blue
                  | scales. (AC +2) [demonic ancestry]
  3014 | D:4      | Reached XP level 6. HP: 30/48 MP: 6/6
  3176 | D:4      | Noticed Robin
  3187 | D:4      | Killed Robin
  3211 | D:4      | Found a glowing drain.
  3216 | Sewer    | Entered a sewer
  4110 | D:4      | Noticed Menkaure
  4117 | D:4      | Killed Menkaure
  4118 | D:4      | Reached skill level 5 in Long Blades
  4118 | D:4      | Gained mutation: A powerful demonic guardian rushes to your
                  | aid. [demonic ancestry]
  4118 | D:4      | Reached XP level 7. HP: 30/55 MP: 7/7
  4311 | D:4      | Found a sacrificial altar of Ru.
  4311 | D:4      | Found a radiant altar of Vehumet.
  4331 | D:5      | Entered Level 5 of the Dungeon
  4443 | D:5      | HP: 1/55 [ogre (10)]
  4445 | D:5      | Reached skill level 5 in Fighting
  4448 | D:5      | Gained mutation: You have a small tail. [demonic ancestry]
  4448 | D:5      | Reached XP level 8. HP: 2/62 MP: 8/8
  4448 | D:5      | Reached **** piety under Wu Jian
  4833 | D:5      | Learned a level 1 spell: Sting
  4868 | D:5      | Reached skill level 5 in Dodging
  4929 | D:5      | Reached skill level 6 in Long Blades
  5128 | D:6      | Found a staircase to the Ecumenical Temple.
  5154 | Temple   | Entered the Ecumenical Temple
  5351 | D:6      | Noticed Duvessa
  5352 | D:6      | Noticed Dowan
  5371 | D:6      | Killed Dowan
  5381 | D:6      | Killed Duvessa
  5684 | D:6      | Gained mutation: You are occasionally teleported next to
                  | monsters. [potion of mutation]
  5684 | D:6      | Gained mutation: You are weak. (Str -2) [potion of
                  | mutation]
  5684 | D:6      | Gained mutation: You are frail. (-10% HP) [potion of
                  | mutation]
  5684 | D:6      | Gained mutation: Your flesh is heat resistant. (rF+)
                  | [potion of mutation]
  5685 | D:6      | Lost mutation: You are occasionally teleported next to
                  | monsters. [potion of mutation]
  5685 | D:6      | Lost mutation: You are frail. (-10% HP) [potion of
                  | mutation]
  5943 | D:6      | Found an iron altar of Okawaru.
  6068 | D:6      | Identified the +1 robe "Voemuwn" {-Tele rN++ Dex-5 SInv}
  6306 | D:7      | Found a transporter.
  6310 | D:7      | Noticed Majang's ghost (novice TeIE)
  6328 | D:7      | Reached XP level 9. HP: 68/69 MP: 9/9
  6517 | D:7      | Found a transporter.
  6564 | D:7      | Found a basalt altar of Yredelemnul.
  6825 | D:7      | Reached skill level 7 in Long Blades
  7128 | D:7      | Killed Majang's ghost
  7452 | D:8      | Found a flagged portal.
  7461 | Bailey   | Entered a bailey
  7754 | Bailey   | Found the +8 storm bow {elec, penet}
  7776 | Bailey   | Found an iron altar of Okawaru.
  7789 | Bailey   | Reached skill level 8 in Long Blades
  8187 | D:8      | Reached ***** piety under Wu Jian
  8190 | D:8      | Reached XP level 10. HP: 74/79 MP: 10/10
  8594 | D:8      | Noticed Erica
  8619 | D:8      | Killed Erica
  8818 | D:8      | Found a shimmering blue altar of Sif Muna.
  9389 | D:9      | Reached skill level 9 in Long Blades
  9789 | D:9      | Found Mili's Jewellery Boutique.
  9922 | D:9      | Found a blossoming altar of Fedhas.
 10022 | D:9      | Found a shadowy altar of Dithmenos.
 10027 | D:9      | Found a broken altar of Ashenzari.
 10055 | D:9      | Found a shimmering altar of Xom.
 10263 | D:9      | Found a hide-covered altar of Uskayaw.
 10343 | D:9      | Noticed a two-headed ogre
 10354 | D:9      | Killed a two-headed ogre
 10355 | D:9      | Reached skill level 5 in Armour
 10604 | D:10     | Entered Level 10 of the Dungeon
 11007 | D:10     | Found a staircase to the Lair.
 11311 | D:10     | Reached skill level 10 in Long Blades
 11956 | D:11     | Noticed a cyclops
 11965 | D:11     | Killed a cyclops
 11966 | D:11     | Gained mutation: You have a tail ending in a sharp stinger.
                  | [demonic ancestry]
 11966 | D:11     | Reached XP level 11. HP: 74/86 MP: 11/11
 13145 | D:11     | Mangled by a komodo dragon

Illustrated notes

Levels and vault maps discovered:
D:1:      erik_arrival_cave_to_civilisation [erik_arrival_cave_to_hall],
          layout_rooms, minmay_misc_feat_ornament, nrook_uturn
D:2:      layout_loops_ring, basic_altar, basic_ecumenical_altar,
          minmay_pentomino_u4
D:3:      layout_rooms, mainiacjoe_overflow_cross_hatched,
          nicolae_qazlal_eye_of_the_storm, nicolae_tso_carved_into_rock,
          kennysheep_crisscross, uniq_terence
D:4:      layout_basic, gammafunk_temple_overflow_wave, portal_sewer_entry_e,
          uniq_menkaure, uniq_robin
D:5:      layout_rooms
D:6:      layout_cave_pools, lemuel_round_altar, minmay_temple_entry_arrows,
          nrook_loot_triangle, uniq_duvessa
D:7:      layout_basic, yredelemnul_forgotten_temple_becter,
          gammafunk_ghost_stat_death
D:8:      layout_loops_corners, mainiacjoe_overflow_alcove_2, enter_bailey_2,
          hangedman_decor_slide_cut, uniq_erica
D:9:      layout_loops_ring, gammafunk_temple_overflow_forgotten,
          mainiacjoe_overflow_brackets, eat_drink_and_be_merry_uskayaw,
          minmay_shop_enchanted_jewellery, chequers_serial_rivers_small_a,
          hex_large
D:10:     layout_loops_ring, erik_lair_orcish_takeover,
          minmay_misc_feat_nine_boxes, minmay_statues_item,
          kennysheep_generic_room_3
D:11:     layout_basic
D:12:     layout_loops_corners, orc_0_dummy, hangedman_abyss_or_decor_clamps,
          uniq_josephine
Temple:   jpeg_temple_island

Skill      XL: |  1  2  3  4  5  6  7  8  9 10 |
---------------+-------------------------------+-----
Long Blades    | 3 4 5 6 8 10 | 10.6
Dodging        | 3 4 5 7 8 |  8.3
Stealth        | 2 3 4 |  4.5
Fighting       | 4 5 6 7 8 |  8.7
Armour         | 1 2 3 4 5 |  5.3
Bows           | |  0.1

Action                   |  1- 3 |  4- 6 |  7- 9 | 10-12 || total
-------------------------+-------+-------+-------+-------++-------
Melee: Falchion          |   131 |   229 |   374 |    26 ||   760
       Punch             |     2 |     3 |     5 |     6 ||    16
       Tailslap          |       |       |    61 |    62 ||   123
       Scimitar          |       |       |       |   322 ||   322
 Fire: Longbow           |       |       |       |     2 ||     2
Throw: Boomerang         |       |       |       |     3 ||     3
Invok: Whirlwind         |    43 |    81 |   203 |   133 ||   460
       Lunge             |     8 |     2 |     3 |     2 ||    15
  Use: Scroll            |     3 |     4 |    12 |     7 ||    26
       Potion            |     1 |     1 |     6 |     6 ||    14
 Stab: Sleeping          |     8 |     5 |     4 |     4 ||    21
       Distracted        |       |     1 |     6 |       ||     7
Armor: Robe              |    44 |       |       |       ||    44
       Leather armour    |     1 |     3 |       |       ||     4
       Ring mail         |       |    79 |   173 |   169 ||   421
Dodge: Dodged            |    80 |   182 |   292 |   288 ||   842

Table legend: (Time is in decaauts)
 A = Elapsed time spent in this place.
 B = Non-inter-level travel time spent in this place.
 C = Inter-level travel time spent in this place.
 D = Time resting spent in this place.
 E = Time spent auto-exploring this place.
 F = Levels seen in this place.
 G = Mean time per level.
                   A        B        C        D        E       F      G
               +--------+--------+--------+--------+--------+-----+--------+
         Total |  13231 |  12890 |    341 |    225 |  10606 |  15 |  882.1 |
       Dungeon |  12218 |  11885 |    333 |    225 |   9791 |  12 | 1018.2 |
        Temple |    226 |    218 |      8 |      0 |    207 |   1 |  226.0 |
         Sewer |    325 |    325 |      0 |      0 |    250 |   1 |  325.0 |
        Bailey |    460 |    460 |      0 |      0 |    357 |   1 |  460.0 |
               +--------+--------+--------+--------+--------+-----+--------+

Top non-repeatable levels by time:
     D:8: 1425 daAuts
    D:10: 1347 daAuts
     D:9: 1288 daAuts
     D:4: 1190 daAuts
    D:11: 1151 daAuts
     D:7: 1131 daAuts
     D:2: 1025 daAuts
     D:3: 1013 daAuts
     D:6: 1006 daAuts
     D:1: 813 daAuts
     D:5: 785 daAuts
  Bailey: 460 daAuts
   Sewer: 325 daAuts
  Temple: 226 daAuts
    D:12: 40 daAuts
